 Dungeon Crawl Stone Soup version 0.29.1-1-gd02db6906a (webtiles) character file.

Game seed: 432232994769432699

671 H0rd4k the Insei (level 7, -2/44 HPs)
             Began as an Octopode Transmuter on Oct 20, 2022.
             Slain by Duvessa
             ... wielding a +0 short sword
              (13 damage)
             ... on level 5 of the Dungeon.
             The game lasted 00:04:32 (5031 turns).

H0rd4k the Insei (Octopode Transmuter)              Turns: 5031, Time: 00:04:32

Health: -2/44      AC:  5    Str:  9    XL:     7   Next: 58%
Magic:  20/20      EV: 14    Int: 18    God:
Gold:   166        SH:  0    Dex: 17    Spells: 6/12 levels left

rFire   . . .      SeeInvis .   v - +10 mace of Disorder {flame, rElec Dex+5}
rCold   . . .      Faith    .   (no shield)
rNeg    . . .      Spirit   .   (helmet restricted)
rPois   .          Reflect  .   (no amulet)
rElec   +          Harm     .   b - +4 ring of protection
rCorr   .          Rampage  .   h - ring of willpower
Will    +....                   r - ring of magical power
Stlth   ++++......              (no ring)
HPRegen 0.14/turn               (no ring)
MPRegen 0.17/turn               (no ring)
                                (no ring)
                                (no ring)

@: no status effects
A: almost no armour, amphibious, 8 rings, camouflage 1, gelatinous body 1,
(nimble swimmer 1), tentacles
a: no special abilities


You were on level 5 of the Dungeon.
You visited 1 branch of the dungeon, and saw 5 of its levels.
You also visited: Sewer.

You collected 166 gold pieces.

Inventory:

Hand Weapons
 v - the +10 mace of Disorder (weapon) {flame, rElec Dex+5}
   (You found it on level 4 of the Dungeon)

   It burns those it strikes, dealing additional fire damage.
   Dex:       It affects your dexterity (+5).
   rElec:     It insulates you from electricity.
Missiles
 j - 4 datura-tipped darts
 k - 22 poisoned darts (quivered)
Jewellery
 b - a +4 ring of protection (left tentacle)
 h - a ring of willpower (right tentacle)
 r - a ring of magical power (on tentacle)
 x - the amulet "Bywuidaush" {Faith -Cast +Inv rN+}
   (You found it in a sewer)

   [amulet of faith]

   It allows you to gain divine favour quickly.
   rN:        It protects you from negative energy.
   +Inv:      It lets you turn invisible.
   -Cast:     It prevents spellcasting.
Wands
 y - a wand of polymorph (10)
Scrolls
 c - 3 scrolls of blinking {unknown}
 d - 2 scrolls of amnesia {unknown}
 f - a scroll of enchant weapon {unknown}
 g - a scroll of enchant armour {unknown}
 i - 8 scrolls of teleportation {unknown}
 m - 5 scrolls of identify {unknown}
 n - a scroll of immolation {unknown}
 p - 2 scrolls of brand weapon {unknown}
 q - a scroll of poison {unknown}
Potions
 a - a potion of lignification
 e - 3 potions of curing
 l - a potion of flight {unknown}
 o - a potion of magic {unknown}
 s - a potion of resistance {unknown}
 t - a potion of heal wounds {unknown}
 u - a potion of invisibility {unknown}
 w - a potion of degeneration {unknown}
 z - a potion of might {unknown}


   Skills:
 + Level 1.9 Fighting
 + Level 1.2 Maces & Flails
 + Level 3.1 Dodging
 + Level 3.9 Stealth
 + Level 5.3 Unarmed Combat
 * Level 3.1 Spellcasting
 * Level 1.8 Translocations
 * Level 3.1 Transmutations
 * Level 2.5 Poison Magic


You had 6 spell levels left.
You knew the following spells:

 Your Spells              Type           Power      Damage    Failure   Level
a - Beastly Appendage     Tmut           28%        N/A       4%          1
b - Blink                 Tloc           18%        N/A       12%         2
c - Spider Form           Tmut/Pois      13%        N/A       16%         3

Your spell library contained the following spells:

 Spells                   Type           Power      Damage    Failure   Level
 Wereblood                Tmut           14%        N/A       7%          2
 Lesser Beckoning         Tloc           9%         N/A       24%         3
 Ozocubu's Armour         Ice            2%         N/A       43%         3
 Ice Form                 Ice/Tmut       8%         N/A       63%         4
 Manifold Assault         Tloc           9%         N/A       91%         5
 Metabolic Englaciation   Hex/Ice        1%         N/A       99%         5
 Simulacrum               Ice/Necr       1%         N/A       100%        6


Dungeon Overview and Level Annotations

Branches:
Dungeon (5/15)              Sewer (visited)
 Temple: D:4-7

Altars:
Ashenzari
Qazlal

Annotations:
D:5 Duvessa


Innate Abilities, Weirdness & Mutations

You cannot wear most types of armour.
You are amphibious.
You can wear up to eight rings at the same time.
Your skin changes colour to match your surroundings (Stealth+).
Your rubbery body absorbs attacks. (AC +1, EV +1)
((You are camouflaged when in or above water. (Stealth+)))
You have tentacles for arms and can constrict up to eight enemies at once.


Message History

Found a dagger.
No target in view!
No target in view!
No target in view!
No target in view!
You now have 166 gold pieces (gained 13).
You see here a +0 dagger.
Duvessa and Dowan come into view.
Duvessa shouts!
There are monsters nearby!
You closely miss Dowan. You grab Dowan. You constrict Dowan.
Dowan hits you with a +0 dagger.
There are monsters nearby!
You sock Dowan! You burn Dowan. You squeeze Dowan, but do no damage.
Dowan is severely wounded.
You constrict Dowan. Dowan gestures at you while chanting.
The puff of frost hits you!
You thump Dowan! You burn Dowan.
You kill Dowan!
Duvessa weeps, and shakes her weapon.
Duvessa goes berserk!
Duvessa hits you with a +0 short sword!
You are too injured to fight recklessly!
You are too injured to fight recklessly!
You are too injured to fight recklessly!
You sock Duvessa! You burn Duvessa. You grab Duvessa.
You tentacle-slap Duvessa. You squeeze Duvessa, but do no damage.
Duvessa is moderately wounded.
You constrict Duvessa, but do no damage.
Duvessa hits you with a +0 short sword!
* * * LOW HITPOINT WARNING * * *
Duvessa hits you with a +0 short sword.
* * * LOW HITPOINT WARNING * * *
Duvessa barely misses you.
You sock Duvessa! You burn Duvessa.
Duvessa is heavily wounded.
You constrict Duvessa. Duvessa completely misses you. Duvessa misses you.
It was a potion of curing.
You feel better.
You constrict Duvessa. Duvessa hits you with a +0 short sword!
You die...

............
#..##.......
#..##.......
#.#####..##.......
#.................
#######.........##
#######.####.####
#....)..# #.#
#@####### #.# #e#
#># #.# #.# #.#
#.# #.# #. #.# #.#
#.#


You could see Duvessa (berserk).

Vanquished Creatures
  2 bullfrogs (Sewer)
  Dowan (D:5)
  4 hounds (D:4)
  A jelly (D:4)
  An orc priest (D:3)
  2 iguanas
  An orc wizard (D:3)
  A gnoll (D:3)
  10 adders
  2 river rats (D:5)
  5 worms
  4 dart slugs
  7 orcs
  7 ball pythons
  7 bats
  8 endoplasms
  10 giant cockroaches
  6 goblins
  3 hobgoblins
  3 jackals (D:2)
  9 kobolds
  5 quokkas
  7 frilled lizards
  8 rats
114 creatures vanquished.

Vanquished Creatures (others)
  3 plants (D:4)
3 creatures vanquished.

Grand Total: 117 creatures vanquished

Notes
Turn   | Place    | Note
-------+----------+-------------------------------------------
     0 | D:1      | H0rd4k the Octopode Transmuter began the quest for the Orb.
     0 | D:1      | Reached XP level 1. HP: 13/13 MP: 3/3
   111 | D:1      | Reached skill level 1 in Stealth
   111 | D:1      | Reached XP level 2. HP: 18/18 MP: 5/5
   361 | D:1      | Reached XP level 3. HP: 18/23 MP: 6/6
  1239 | D:2      | Reached XP level 4. HP: 22/28 MP: 5/7
  1380 | D:2      | Reached skill level 4 in Unarmed Combat
  1595 | D:3      | HP: 1/28 [worm (6)]
  1911 | D:3      | Found a broken altar of Ashenzari.
  2010 | D:3      | Identified the +12 long sword of Jelahedd {antimagic,
                  | Stlth+}
  2369 | D:3      | Found a faded altar of an unknown god.
  2380 | D:3      | Reached XP level 5. HP: 33/33 MP: 6/8
  2383 | D:3      | Learned a level 2 spell: Blink
  2387 | D:3      | Learned a level 3 spell: Spider Form
  3443 | D:4      | Reached skill level 1 in Poison Magic
  3443 | D:4      | Reached XP level 6. HP: 36/38 MP: 9/9
  3636 | D:4      | Reached skill level 5 in Unarmed Combat
  3636 | D:4      | Reached skill level 1 in Translocations
  4073 | D:4      | Identified the +10 mace of Disorder {flame, rElec Dex+5}
  4475 | D:5      | Entered Level 5 of the Dungeon
  4523 | D:5      | Found a glowing drain.
  4557 | D:5      | Reached XP level 7. HP: 35/43 MP: 9/11
  4561 | Sewer    | Entered a sewer
  4764 | Sewer    | Identified the amulet "Bywuidaush" {Faith -Cast +Inv rN+}
  4792 | Sewer    | Reached skill level 1 in Maces & Flails
  4977 | D:5      | Found a stormy altar of Qazlal.
  5024 | D:5      | Noticed Duvessa
  5024 | D:5      | Noticed Dowan
  5028 | D:5      | Killed Dowan
  5031 | D:5      | Slain by Duvessa

Illustrated notes

Levels and vault maps discovered:
D:1:      heliophobic_arrival_dark_side_of_the_moon, layout_basic,
          amcnicky_mini_rare_corridor_liquid, serial_bayou_pond_d
D:2:      layout_basic
D:3:      layout_basic, ashenzari_altar_1, ebering_ecumenical_altar_hall,
          st_stairs_1
D:4:      layout_loops_cross, chequers_big_river
D:5:      layout_loops_ring, grunt_qazlal_clouds, trog_three_pillars_becter,
          minmay_temple_entry_arrows, portal_sewer_entry_b,
          guppyfry_early_orc_mine, uniq_duvessa, uniq_edmund

Skill      XL: |  1  2  3  4  5  6  7 |
---------------+----------------------+-----
Stealth        | 1 2 3 |  3.9
Unarmed Combat | 4 5 |  5.3
Dodging        | 3 |  3.1
Poison Magic   | 1 2 |  2.5
Translocations | 1 |  1.8
Spellcasting   | 3 |  3.1
Transmutations | 3 |  3.1
Maces & Flails | 1 |  1.2
Fighting       | |  1.9

Action                   |  1- 3 |  4- 6 |  7- 9 || total
-------------------------+-------+-------+-------++-------
Melee: Unarmed           |    83 |   138 |       ||   221
       Tentacles         |    15 |    39 |     5 ||    59
       Constrict         |    21 |    35 |     8 ||    64
       Punch             |     3 |     5 |     3 ||    11
       Kick              |     2 |    18 |       ||    20
       Mace              |       |    16 |    36 ||    52
 Cast: Beastly Appendage |     1 |     8 |       ||     9
  Use: Potion            |       |       |     1 ||     1
 Stab: Sleeping          |     7 |     8 |     8 ||    23
       Distracted        |     1 |       |       ||     1
Armor: Skin              |    34 |    24 |     5 ||    63
Dodge: Dodged            |    65 |    97 |    22 ||   184
